[ AOE2 MATCH · #495296568 ]
UnrankedChinese vs Spanish
Player's team · WIN
Rival team · LOSS
[ REPLAY ANALYSIS · EXTRACTED FROM THE RECORDED GAME ]
Feudal
9:14
Castle
20:34
Imperial
34:45
| APM avg | 46.4 |
| APM peak | 89 |
| eAPM avg | 21.0 |
| Villagers / military | 86 / 85 |
Focus
⚔️ 32.3% · 🌾 67.7%
Archer ×68 · Scout Cavalry ×9 · Spearman ×3 · Chu Ko Nu ×2 · Iron Pagoda ×2 · Trebuchet (Packed) ×1
Feudal
9:16
Castle
19:30
Imperial
—
| APM avg | 48.2 |
| APM peak | 106 |
| eAPM avg | 20.6 |
| Villagers / military | 112 / 49 |
Focus
⚔️ 47.3% · 🌾 52.7%
Conquistador ×19 · Mangonel ×14 · Scout Cavalry ×6 · Knight ×3 · Spearman ×3 · Missionary ×3
Match map
Initial resources + every placement click. Lines = walls · curves = elevation contours. ◆ gold · ⬟ stone · ● berries · ✦ relic · ◌ wall gap
Your base· Open — 9t gap
wakuku's base· ✓ Closed at 19:30 · 35t walls · 1 gate(s)
Smoothed initial terrain · ◌ = detected wall gap · hover for details
Inputs per minute
— SneakySalmon - - wakuku
Build order — SneakySalmon
First 150 of 279 actions detected
| 0:02 | Research | Loom |
| 0:41 | Create | Villager (Male) |
| 1:09 | Create | Villager (Male) |
| 1:09 | Create | Villager (Male) |
| 1:36 | Create | Villager (Male) |
| 1:36 | Create | Villager (Male) |
| 2:09 | Build | Lumber Camp |
| 2:11 | Create | Villager (Male) |
| 2:11 | Create | Villager (Male) |
| 2:40 | Create | Villager (Male) |
| 2:40 | Create | Villager (Male) |
| 3:00 | Create | Villager (Male) |
| 3:29 | Create | Villager (Male) |
| 3:46 | Build | House |
| 3:52 | Create | Villager (Male) |
| 4:10 | Build | Mill |
| 4:19 | Create | Villager (Male) |
| 4:19 | Create | Villager (Male) |
| 4:28 | Create | Villager (Male) |
| 5:04 | Create | Villager (Male) |
| 5:28 | Build | House |
| 5:33 | Create | Villager (Male) |
| 5:57 | Create | Villager (Male) |
| 6:26 | Create | Villager (Male) |
| 6:31 | Build | Mill |
| 7:04 | Research | Feudal Age |
| 7:45 | Build | Lumber Camp |
| 8:21 | Create | Villager (Male) |
| 8:31 | Build | Barracks |
| 9:14 | Age | Feudal Age |
| 9:32 | Build | Stable |
| 9:32 | Create | Spearman |
| 9:35 | Research | Double-Bit Axe |
| 9:36 | Create | Villager (Male) |
| 9:43 | Build | House |
| 9:49 | Build | House |
| 9:52 | Build | Palisade Wall |
| 9:53 | Build | Palisade Wall |
| 9:54 | Build | Palisade Wall |
| 9:58 | Create | Villager (Male) |
| 10:05 | Build | Palisade Wall |
| 10:12 | Create | Villager (Male) |
| 10:22 | Research | Horse Collar |
| 10:23 | Create | Villager (Male) |
| 10:23 | Create | Scout Cavalry |
| 10:24 | Create | Scout Cavalry |
| 10:38 | Build | Farm |
| 10:42 | Build | House |
| 10:44 | Build | Palisade Wall |
| 10:48 | Create | Scout Cavalry |
| 10:52 | Build | Farm |
| 11:02 | Create | Villager (Male) |
| 11:23 | Build | Farm |
| 11:26 | Create | Scout Cavalry |
| 11:32 | Build | Farm |
| 11:39 | Build | Palisade Wall |
| 11:44 | Build | House |
| 11:47 | Create | Scout Cavalry |
| 11:51 | Create | Villager (Male) |
| 12:01 | Build | Farm |
| 12:09 | Create | Scout Cavalry |
| 12:11 | Create | Villager (Male) |
| 12:16 | Build | House |
| 12:19 | Build | House |
| 12:25 | Build | Farm |
| 12:28 | Create | Villager (Male) |
| 12:40 | Build | House |
| 12:43 | Build | Palisade Wall |
| 12:59 | Build | Mining Camp |
| 13:05 | Create | Villager (Male) |
| 13:22 | Create | Scout Cavalry |
| 13:25 | Create | Villager (Male) |
| 13:31 | Create | Spearman |
| 13:48 | Create | Spearman |
| 14:22 | Create | Villager (Male) |
| 14:27 | Create | Villager (Male) |
| 14:30 | Build | Farm |
| 14:30 | Build | Farm |
| 14:30 | Build | Farm |
| 14:34 | Build | Archery Range |
| 14:51 | Build | Farm |
| 15:11 | Build | Farm |
| 15:12 | Create | Villager (Male) |
| 15:32 | Research | Wheelbarrow |
| 15:36 | Create | Archer |
| 15:43 | Build | Archery Range |
| 16:09 | Build | Farm |
| 16:30 | Create | Archer |
| 16:31 | Create | Archer |
| 16:35 | Build | Palisade Gate |
| 16:37 | Build | Farm |
| 17:02 | Create | Villager (Male) |
| 17:04 | Build | Farm |
| 17:09 | Create | Archer |
| 17:19 | Build | Farm |
| 17:49 | Build | Farm |
| 17:54 | Research | Castle Age |
| 17:54 | Research | Castle Age |
| 18:04 | Build | Blacksmith |
| 18:06 | Build | House |
| 18:10 | Create | Archer |
| 18:28 | Create | Archer |
| 18:28 | Create | Archer |
| 18:36 | Create | Archer |
| 18:36 | Create | Archer |
| 18:46 | Build | House |
| 18:51 | Research | Fletching |
| 18:55 | Build | House |
| 19:07 | Create | Archer |
| 19:07 | Create | Archer |
| 19:13 | Create | Scout Cavalry |
| 19:21 | Create | Archer |
| 19:30 | Create | Archer |
| 19:31 | Create | Archer |
| 19:43 | Create | Archer |
| 19:43 | Create | Archer |
| 20:08 | Research | Gold Mining |
| 20:34 | Age | Castle Age |
| 20:35 | Research | Bodkin Arrow |
| 20:36 | Create | Villager (Male) |
| 20:41 | Research | Crossbowman (upgrade) |
| 20:42 | Research | Bow Saw |
| 20:56 | Create | Villager (Male) |
| 21:07 | Build | University |
| 21:08 | Create | Archer |
| 21:08 | Create | Archer |
| 21:26 | Create | Archer |
| 21:26 | Create | Archer |
| 21:30 | Build | Palisade Wall |
| 21:34 | Create | Archer |
| 21:34 | Create | Archer |
| 22:14 | Create | Villager (Male) |
| 22:14 | Create | Villager (Male) |
| 22:41 | Research | Ballistics |
| 22:50 | Create | Archer |
| 22:50 | Create | Archer |
| 22:51 | Create | Villager (Male) |
| 22:51 | Create | Villager (Male) |
| 23:11 | Create | Archer |
| 23:11 | Create | Archer |
| 23:12 | Create | Villager (Male) |
| 23:12 | Create | Villager (Male) |
| 23:13 | Create | Villager (Male) |
| 23:16 | Create | Archer |
| 23:16 | Create | Archer |
| 23:34 | Create | Archer |
| 23:34 | Create | Archer |
| 23:46 | Create | Villager (Male) |
| 23:46 | Create | Villager (Male) |
| 23:51 | Build | Town Center |
Build order — wakuku
First 150 of 249 actions detected
| 0:00 | Create | Villager (Male) |
| 0:01 | Create | Villager (Male) |
| 0:01 | Create | Villager (Male) |
| 0:01 | Create | Villager (Male) |
| 0:02 | Create | Villager (Male) |
| 0:03 | Build | House |
| 0:04 | Build | House |
| 1:23 | Create | Villager (Male) |
| 1:23 | Create | Villager (Male) |
| 2:04 | Create | Villager (Male) |
| 2:04 | Create | Villager (Male) |
| 2:22 | Create | Villager (Male) |
| 2:22 | Create | Villager (Male) |
| 2:23 | Build | Lumber Camp |
| 2:47 | Create | Villager (Male) |
| 2:47 | Create | Villager (Male) |
| 2:58 | Create | Villager (Male) |
| 2:58 | Create | Villager (Male) |
| 3:20 | Create | Villager (Male) |
| 3:20 | Create | Villager (Male) |
| 3:20 | Create | Villager (Male) |
| 3:47 | Create | Villager (Male) |
| 3:48 | Create | Villager (Male) |
| 3:59 | Create | Villager (Male) |
| 4:00 | Create | Villager (Male) |
| 4:03 | Build | House |
| 4:32 | Create | Villager (Male) |
| 4:36 | Build | House |
| 5:11 | Build | Palisade Wall |
| 5:28 | Create | Villager (Male) |
| 5:28 | Create | Villager (Male) |
| 5:31 | Create | Villager (Male) |
| 5:38 | Create | Villager (Male) |
| 5:49 | Create | Villager (Male) |
| 5:49 | Create | Villager (Male) |
| 5:52 | Build | Mill |
| 5:53 | Create | Villager (Male) |
| 5:53 | Create | Villager (Male) |
| 6:30 | Research | Loom |
| 7:05 | Research | Feudal Age |
| 7:05 | Research | Feudal Age |
| 7:46 | Create | Villager (Male) |
| 8:12 | Build | Barracks |
| 8:31 | Create | Villager (Male) |
| 9:07 | Create | Villager (Male) |
| 9:16 | Age | Feudal Age |
| 9:22 | Create | Villager (Male) |
| 9:31 | Build | Stable |
| 9:50 | Build | Mill |
| 9:54 | Create | Spearman |
| 9:57 | Research | Double-Bit Axe |
| 10:12 | Build | House |
| 10:14 | Build | Palisade Wall |
| 10:18 | Create | Scout Cavalry |
| 10:18 | Create | Scout Cavalry |
| 10:39 | Build | Farm |
| 10:46 | Create | Spearman |
| 10:54 | Create | Villager (Male) |
| 11:05 | Create | Scout Cavalry |
| 11:15 | Build | Palisade Gate |
| 11:18 | Build | House |
| 11:26 | Create | Villager (Male) |
| 11:37 | Create | Villager (Male) |
| 11:37 | Create | Villager (Male) |
| 11:39 | Build | Farm |
| 11:41 | Build | House |
| 11:57 | Build | House |
| 12:05 | Build | Farm |
| 12:06 | Create | Villager (Male) |
| 12:28 | Create | Villager (Male) |
| 12:38 | Create | Villager (Male) |
| 12:38 | Create | Villager (Male) |
| 12:39 | Build | Farm |
| 12:40 | Build | Farm |
| 12:41 | Build | Farm |
| 12:50 | Create | Villager (Male) |
| 12:51 | Build | Farm |
| 12:52 | Build | Farm |
| 12:59 | Build | Palisade Wall |
| 13:12 | Create | Villager (Male) |
| 13:16 | Build | Farm |
| 13:38 | Create | Villager (Male) |
| 13:40 | Build | Farm |
| 13:43 | Create | Villager (Male) |
| 14:31 | Create | Villager (Male) |
| 14:34 | Create | Villager (Male) |
| 14:36 | Build | Farm |
| 15:11 | Create | Spearman |
| 15:13 | Build | House |
| 15:16 | Create | Villager (Male) |
| 15:17 | Build | Mining Camp |
| 15:29 | Create | Villager (Male) |
| 15:31 | Build | Farm |
| 15:36 | Build | Blacksmith |
| 15:43 | Create | Villager (Male) |
| 15:59 | Create | Villager (Male) |
| 16:05 | Build | Mining Camp |
| 16:09 | Build | Farm |
| 16:35 | Build | House |
| 16:44 | Research | Castle Age |
| 16:44 | Research | Castle Age |
| 17:03 | Build | House |
| 17:30 | Build | House |
| 17:31 | Build | House |
| 17:32 | Build | House |
| 17:42 | Research | Horse Collar |
| 17:43 | Research | Gold Mining |
| 17:53 | Build | Lumber Camp |
| 18:13 | Research | Stone Mining |
| 18:55 | Research | Bloodlines |
| 18:58 | Research | Wheelbarrow |
| 19:17 | Create | Villager (Male) |
| 19:17 | Create | Villager (Male) |
| 19:30 | Age | Castle Age |
| 19:33 | Create | Villager (Male) |
| 19:35 | Create | Villager (Male) |
| 19:40 | Build | Monastery |
| 19:48 | Create | Villager (Male) |
| 19:49 | Research | Bow Saw |
| 19:56 | Create | Knight |
| 19:56 | Create | Knight |
| 20:13 | Create | Missionary |
| 20:13 | Create | Missionary |
| 20:15 | Create | Villager (Male) |
| 20:17 | Create | Villager (Male) |
| 20:37 | Create | Knight |
| 20:44 | Research | Husbandry |
| 20:52 | Research | Heavy Plow |
| 21:15 | Create | Villager (Male) |
| 21:15 | Create | Villager (Male) |
| 21:15 | Create | Villager (Male) |
| 21:23 | Build | Castle |
| 21:29 | Create | Villager (Male) |
| 21:55 | Create | Villager (Male) |
| 22:11 | Create | Conquistador |
| 22:11 | Create | Conquistador |
| 22:13 | Create | Villager (Male) |
| 22:28 | Build | Siege Workshop |
| 22:30 | Create | Villager (Male) |
| 22:39 | Create | Conquistador |
| 22:39 | Create | Conquistador |
| 22:53 | Build | Monastery |
| 23:05 | Create | Conquistador |
| 23:19 | Create | Villager (Male) |
| 23:34 | Create | Mangonel |
| 23:34 | Create | Mangonel |
| 23:49 | Create | Villager (Male) |
| 23:56 | Build | House |
| 24:06 | Create | Conquistador |
| 24:11 | Create | Mangonel |
Match timeline
| 5:11 | wakuku · wall_segment Palisade Wall x3 |
| 8:12 | wakuku · first_building Barracks |
| 8:31 | SneakySalmon · first_building Barracks |
| 9:14 | SneakySalmon · age_up feudal |
| 9:16 | wakuku · age_up feudal |
| 9:31 | wakuku · first_building Stable |
| 9:32 | SneakySalmon · first_building Stable |
| 9:52 | SneakySalmon · wall_segment Palisade Wall x2 |
| 9:53 | SneakySalmon · wall_segment Palisade Wall x1 |
| 9:54 | SneakySalmon · wall_segment Palisade Wall x1 |
| 10:05 | SneakySalmon · wall_segment Palisade Wall x5 |
| 10:14 | wakuku · wall_segment Palisade Wall x17 |
| 10:44 | SneakySalmon · wall_segment Palisade Wall x2 |
| 11:39 | SneakySalmon · wall_segment Palisade Wall x1 |
| 12:43 | SneakySalmon · wall_segment Palisade Wall x14 |
| 12:59 | wakuku · wall_segment Palisade Wall x15 |
| 14:34 | SneakySalmon · first_building Archery Range |
| 19:30 | wakuku · age_up castle |
| 19:40 | wakuku · first_building Monastery |
| 20:34 | SneakySalmon · age_up castle |
| 21:23 | wakuku · first_building Castle |
| 21:30 | SneakySalmon · wall_segment Palisade Wall x3 |
| 22:28 | wakuku · first_building Siege Workshop |
| 29:04 | SneakySalmon · first_building Siege Workshop |
| 32:42 | SneakySalmon · first_building Castle |
| 34:26 | wakuku · first_market_buy 100 food |
| 34:45 | SneakySalmon · age_up imperial |
| 34:53 | wakuku · resign |
[ AI ANALYSIS · 1 CREDIT ]
What really happened in this match?
Wolo.gg analyzes every decision: build order, eco, micro, common mistakes by bracket. Personalized analysis on WhatsApp or Discord in 30 seconds.
Civ guide
Chinese
Perfil
Jugador #1790613